 Dungeon Crawl Stone Soup version 0.30-a0-949-g53dc5368d7 (webtiles) character file.

Game seed: 3323515775253143717

269 Bnni the Digger (level 6, -2/46 HPs)
             Began as a Formicid Earth Elementalist on Mar 27, 2023.
             Slain by Pikel
             ... wielding a +1 whip of flaming
              (3 damage)
             ... on level 4 of the Dungeon.
             The game lasted 00:05:20 (3118 turns).

Bnni the Digger (Formicid Earth Elementalist)       Turns: 3118, Time: 00:05:22

Health: -2/46      AC:  6    Str: 18    XL:     6   Next: 46%
Magic:  1/10       EV: 12    Int: 17    God:
Gold:   235        SH:  0    Dex: 14    Spells: 1/11 levels left

rFire   . . .      SeeInvis +    k - +4 sling "Fitecled" {drain, rElec rCorr}
rCold   . . .      Faith    +    (no shield)
rNeg    . . .      Spirit   .    y - +0 troll leather armour {Pargi}
rPois   .          Reflect  .    (helmet unavailable)
rElec   +          Rampage  .    r - +0 cloak
rCorr   +                        s - +0 pair of gloves
Will    .....                    (no boots)
Stlth   ++                       p - amulet of faith
HPRegen 1.07/turn                l - ring of resist corrosion
MPRegen 0.12/turn                x - +6 ring of strength

@: no status effects
A: permanent stasis, dig shafts and tunnels, antennae 3, four strong arms
a: Dig, Shaft Self


You were on level 4 of the Dungeon.
You visited 1 branch of the dungeon, and saw 4 of its levels.
You also visited: Sewer.

You collected 235 gold pieces.

Inventory:

Hand Weapons
 k - the +4 sling "Fitecled" (weapon) {drain, rElec rCorr}
   (You found it on level 4 of the Dungeon)

   rElec:     It insulates you from electricity.
   rCorr:     It protects you from acid and corrosion.
 n - a +0 quarterstaff
Missiles
 a - 14 poisoned darts
Armour
 d - a +0 ring mail
 r - a +0 cloak (worn)
 s - a +0 pair of gloves (worn)
 y - a +0 troll leather armour (worn) {Pargi}
Jewellery
 l - a ring of resist corrosion (left hand)
 p - an amulet of faith (around neck)
 x - a +6 ring of strength (right hand)
Scrolls
 f - 2 scrolls of teleportation {unknown}
 g - 2 scrolls of vulnerability {unknown}
 h - 3 scrolls of amnesia {unknown}
 j - 2 scrolls of immolation {unknown}
 m - 3 scrolls of magic mapping {unknown}
 o - a scroll of poison {unknown}
 q - a scroll of enchant weapon {unknown}
 t - a scroll of fear {unknown}
 v - 2 scrolls of fog {unknown}
Potions
 b - a potion of magic
 c - 2 potions of flight
 i - a potion of lignification
 u - a potion of might
 w - a potion of haste {unknown}


   Skills:
 + Level 2.9 Fighting
 - Level 1.7 Dodging
 - Level 2.4 Stealth
 - Level 3.0 Spellcasting
 - Level 3.0 Transmutations
 * Level 6.1 Earth Magic


You had one spell level left.
You knew the following spells:

 Your Spells              Type           Power      Damage    Failure   Level
a - Sandblast             Erth           46%        2d11      1%          1
b - Passwall              Tmut/Erth      15%        N/A       4%          2
c - Stone Arrow           Conj/Erth      24%        3d8       19%         3
d - Petrify               Tmut/Erth      18%        N/A       32%         4

Your spell library contained the following spells:

 Spells                   Type           Power      Damage    Failure   Level
 Magic Dart               Conj           8%         1d3       21%         1
 Searing Ray              Conj           4%         2d4       30%         2
 Fulminant Prism          Conj/Hex       1%         3d5       90%         4


Dungeon Overview and Level Annotations

Branches:
Dungeon (4/15)              Sewer (visited)
 Temple: D:4-7

Altars:
Trog

Annotations:
D:4 Pikel


Innate Abilities, Weirdness & Mutations

You cannot be hasted, slowed, berserked, paralysed or teleported.
You can dig through walls and to a lower floor.
You have a pair of large antennae on your head. (SInv)
Your four strong arms can wield two-handed weapons with a shield.


Message History

Press: ? - help, Shift-Dir - straight line, f/p - Pikel
Aim: Pikel, wielding a +1 whip of flaming and wearing a +1 robe of willpower (almost dead, 55% to hit)
You shoot a sling bullet. The sling bullet barely misses Pikel.
The sling bullet completely misses the lemure.
The sling bullet hits the lemure.
The lemure is moderately wounded.
Pikel closely misses you. Pikel barely misses you.
Fire: k) +4 sling "Fitecled" {drain, rElec rCorr}
Press: ? - help, Shift-Dir - straight line, f/p - Pikel
Aim: Pikel, wielding a +1 whip of flaming and wearing a +1 robe of willpower (almost dead, 55% to hit)
You shoot a sling bullet. The sling bullet hits Pikel.
Pikel is almost dead.
Pikel hits you with a +1 whip of flaming.
* * * LOW HITPOINT WARNING * * *
Pikel burns you.
* * * LOW HITPOINT WARNING * * *
Fire: k) +4 sling "Fitecled" {drain, rElec rCorr}
Press: ? - help, Shift-Dir - straight line, f/p - Pikel
Aim: Pikel, wielding a +1 whip of flaming and wearing a +1 robe of willpower (almost dead, 55% to hit)
You shoot a sling bullet.
The sling bullet hits Pikel but does no damage.
Pikel is almost dead.
Pikel hits you with a +1 whip of flaming.
* * * LOW HITPOINT WARNING * * *
Pikel burns you.
* * * LOW HITPOINT WARNING * * *
Unknown command.
Fire: k) +4 sling "Fitecled" {drain, rElec rCorr}
Press: ? - help, Shift-Dir - straight line, f/p - Pikel
Aim: Pikel, wielding a +1 whip of flaming and wearing a +1 robe of willpower (almost dead, 55% to hit)
You shoot a sling bullet. The sling bullet barely misses Pikel.
The sling bullet misses the lemure.
The sling bullet hits the lemure.
The lemure is heavily wounded.
Pikel hits you with a +1 whip of flaming.
* * * LOW HITPOINT WARNING * * *
Pikel burns you.
* * * LOW HITPOINT WARNING * * *
Pikel says, "I'm sure the Orcish Mines are around here somewhere..."
Pikel hits you with a +1 whip of flaming.
You die...

..## .#.###########
###.##.......#
##..†......##
###..........#
#............##
#.............# ###..
##............#######......
#.............@K55.....#
##...........######..###
#............# ...#
##...........# ....#
#.......>...# ....#
##..........# ..5..#
##.........# 55....#
#.........# #.....#
#.###......#


You could see Pikel and 2 lemures.

Vanquished Creatures
  Pargi (Sewer)
  2 lemures (D:4)
  An orc priest (D:3)
  Natasha (D:2)
  3 adders (D:4)
  2 dart slugs (D:1)
  4 orcs (D:3)
  2 bats
  6 endoplasms
  6 giant cockroaches
  6 hobgoblins
  2 jackals (D:4)
  7 quokkas
  6 ball pythons
  8 frilled lizards
  11 goblins
  10 kobolds
  3 rats
81 creatures vanquished.

Notes
Turn   | Place    | Note
-------+----------+-------------------------------------------
     0 | D:1      | Bnni the Formicid Earth Elementalist began the quest for
                  | the Orb.
     0 | D:1      | Reached XP level 1. HP: 13/13 MP: 3/3
   137 | D:1      | Reached XP level 2. HP: 20/20 MP: 3/5
   194 | D:1      | Reached skill level 4 in Earth Magic
   200 | D:1      | Learned a level 2 spell: Passwall
   556 | D:1      | Reached XP level 3. HP: 25/25 MP: 4/6
   579 | D:1      | Reached skill level 1 in Fighting
   583 | D:1      | Learned a level 3 spell: Stone Arrow
  1403 | D:2      | Noticed Natasha
  1409 | D:2      | Killed Natasha
  1410 | D:2      | Reached XP level 4. HP: 32/32 MP: 2/8
  1950 | D:3      | Reached XP level 5. HP: 38/38 MP: 5/9
  1952 | D:3      | Reached skill level 5 in Earth Magic
  2175 | D:3      | Learned a level 4 spell: Petrify
  2193 | D:3      | Found a bloodstained altar of Trog.
  2529 | D:3      | Found a faded altar of an unknown god.
  2579 | D:4      | Identified the +4 sling "Fitecled" {drain, rElec rCorr}
  2784 | D:4      | Found a glowing drain.
  2806 | Sewer    | Entered a sewer
  2869 | Sewer    | Noticed Pargi
  2876 | Sewer    | Killed Pargi
  2877 | Sewer    | Reached skill level 6 in Earth Magic
  2877 | Sewer    | Reached XP level 6. HP: 33/46 MP: 7/10
  3094 | D:4      | Noticed Pikel
  3118 | D:4      | HP: 2/46 [Pikel/+1 whip of flaming (6)]
  3118 | D:4      | Slain by Pikel

Illustrated notes

Levels and vault maps discovered:
D:1:      lightli_arrival_statuegarden, layout_basic
D:2:      layout_basic, uniq_natasha
D:3:      layout_rooms, trog_butcher_becter, nicolae_ecumenical_lake_church,
          item_on_display_a
D:4:      layout_cave_pods, makhleb_altar_promises_db,
          grunt_temple_overflow_open, gup_sewer_entry_spiral, minmay_hedge_maze,
          serial_bayou_pond_b, guppyfry_early_orc_mine, uniq_pikel

Skill      XL: |  1  2  3  4  5 |
---------------+----------------+-----
Earth Magic    | 4 6 |  6.1
Fighting       | 1 2 |  2.9
Transmutations | 2 3 |  3.0
Spellcasting   | 3 |  3.0
Dodging        | |  1.7
Stealth        | |  2.4

Action                     |  1- 3 |  4- 6 || total
---------------------------+-------+-------++-------
  Melee: Unarmed           |     5 |       ||     5
         Dagger            |     2 |       ||     2
   Fire: Sling             |       |    65 ||    65
   Cast: Sandblast         |    40 |    59 ||    99
         Passwall          |       |     1 ||     1
Ability: Dig               |       |     2 ||     2
    Use: Scroll            |       |     4 ||     4
   Stab: Sleeping          |     1 |       ||     1
 Armour: Robe              |     1 |       ||     1
         Leather armour    |       |    25 ||    25
         Troll leather arm |       |     6 ||     6
  Dodge: Dodged            |     9 |    41 ||    50

Table legend: (Time is in decaauts)
 A = Elapsed time spent in this place.
 B = Non-inter-level travel time spent in this place.
 C = Inter-level travel time spent in this place.
 D = Time resting spent in this place.
 E = Time spent auto-exploring this place.
 F = Levels seen in this place.
 G = Mean time per level.
                   A        B        C        D        E       F      G
               +--------+--------+--------+--------+--------+-----+--------+
         Total |   3220 |   3074 |    146 |     79 |   2333 |   5 |  644.0 |
       Dungeon |   3022 |   2876 |    146 |     79 |   2230 |   4 |  755.5 |
         Sewer |    197 |    197 |      0 |      0 |    103 |   1 |  197.0 |
               +--------+--------+--------+--------+--------+-----+--------+

Top non-repeatable levels by time:
     D:1: 956 daAuts
     D:2: 843 daAuts
     D:3: 812 daAuts
     D:4: 410 daAuts
   Sewer: 197 daAuts
